 Dungeon Crawl Stone Soup version 0.27.1-2-g3b301248ec (webtiles) character file.

Game seed: 926781119772142502

99 Mesmaeker13 the Caller (level 4, 0/30 HPs)
             Began as a Barachi Summoner on Sept 22, 2021.
             Slain by a kobold (2 damage)
             ... on level 3 of the Dungeon.
             The game lasted 00:03:40 (2600 turns).

Mesmaeker13 the Caller (Barachi Summoner)           Turns: 2600, Time: 00:03:41

Health: 0/30       AC:  6    Str:  9    XL:     4   Next: 72%
Magic:  7/8        EV: 13    Int: 17    God:
Gold:   72         SH:  0    Dex: 12    Spells: 6/9 levels left

rFire    . . .     SeeInvis .   g - +2 dagger (drain)
rCold    . . .     Faith    .   (no shield)
rNeg     . . .     Spirit   .   a - +0 robe
rPois    .         Reflect  .   (no helmet)
rElec    .         Harm     .   (no cloak)
rCorr    .         Rampage  .   (no gloves)
Will     .....                  (no boots)
Stlth    ++........             (no amulet)
HPRegen  0.10/turn              c - +4 ring of protection
MPRegen  0.11/turn              (no ring)

@: slow
A: amphibious, slowness 1, strong legs 1, +LOS
a: Hop


You were on level 3 of the Dungeon.
You visited 1 branch of the dungeon, and saw 3 of its levels.

You collected 72 gold pieces.

Inventory:

Hand Weapons
 g - a +2 dagger of draining (weapon)
 j - a +0 spear
Missiles
 i - 20 poisoned darts
Armour
 a - a +0 robe (worn)
Jewellery
 c - a +4 ring of protection (left hand)
Scrolls
 b - a scroll of amnesia {unknown}
 f - 3 scrolls of noise


   Skills:
 + Level 3.5 Dodging
 - Level 1.7 Stealth
 + Level 3.3 Spellcasting
 + Level 5.7 Summonings


You had 6 spell levels left.
You knew the following spells:

 Your Spells              Type           Power      Damage    Failure   Level
a - Summon Small Mammal   Summ           88%        N/A       1%          1
b - Call Imp              Summ           22%        N/A       2%          2

Your spell library contained the following spells:

 Spells                   Type           Power      Damage    Failure   Level
 Call Canine Familiar     Summ           22%        N/A       4%          3
 Summon Guardian Golem    Hex/Summ       12%        N/A       16%         3
 Dazzling Flash           Conj/Hex       4%         N/A       45%         3
 Summon Lightning Spire   Summ/Air       12%        N/A       45%         4
 Agony                    Necr           2%         N/A       99%         5
 Silence                  Hex/Air        1%         N/A       99%         5


Dungeon Overview and Level Annotations

Branches:
Dungeon (3/15)

Altars:
Sif Muna


Innate Abilities, Weirdness & Mutations

You are amphibious.
You cover ground slowly.
You can hop short distances.
You have an extended range of vision and can be seen from far away.


Message History

The bat barely misses you. The bat closely misses you.
The orc priest misses you.
A kobold comes into view.
It is wielding a +0 dagger and quivering poisoned darts.
You barely miss the orc priest.
The orc priest is lightly wounded.
The bat completely misses you.
The bat hits your crimson imp but does no damage.
The orc priest hits you but does no damage.
You hit the orc priest.
The orc priest is moderately wounded.
The bat misses you.
Your crimson imp hits the orc priest.
The orc priest barely misses you. The kobold hits you with a +0 dagger.
You hit the orc priest but do no damage.
You drain the orc priest.
The orc priest is heavily wounded.
The bat misses you. The bat barely misses your crimson imp.
Your crimson imp blinks!
The orc priest hits you but does no damage.
The kobold closely misses you.
You hit the orc priest.
The orc priest is severely wounded.
The bat hits you but does no damage.
The orc priest calls down the wrath of Beogh upon you.
Pain shoots through your body!
* * * LOW HITPOINT WARNING * * *
The kobold barely misses you.
You hit the orc priest. You drain the orc priest.
The orc priest is almost dead.
The bat closely misses you. The bat hits you but does no damage.
The orc priest hits you but does no damage.
The kobold hits you with a +0 dagger.
* * * LOW HITPOINT WARNING * * *
Unknown command.
You hit the orc priest.
The orc priest is almost dead.
The bat hits you.
* * * LOW HITPOINT WARNING * * *
The orc priest looks encouraged for a moment.
The kobold hits you with a +0 dagger.
You die...

#.##..# (# #.....#
#[! #.....##.#
###.#...#.#.#
#...##...#l#
###.##...##<#.5#####l
.........#...#r...o..
...........#Ko####.
###.##.###...@# #. #.
##.#..b>..... . #.
#........... . #.
########.### # #


You could see an orc priest (drained, ally target), a bat, a kobold, a frilled
lizard, a rat and a friendly crimson imp (summoned).

Vanquished Creatures
  An orc wizard (D:3)
  2 dart slugs
  4 orcs (D:3)
  2 ball pythons (D:1)
  5 bats
  An endoplasm (D:1)
  A giant cockroach (D:2)
  4 goblins
  3 hobgoblins
  2 jackals
  2 quokkas
  2 kobolds
  2 rats
31 creatures vanquished.

Vanquished Creatures (collateral kills)
  A gnoll (D:2)
  2 adders (D:2)
  2 dart slugs (D:1)
  An endoplasm (D:3)
  4 goblins (D:1)
  2 kobolds (D:1)
  A quokka (D:1)
  A ball python (D:1)
  4 bats (D:1)
  A frilled lizard (D:2)
  2 rats (D:1)
21 creatures vanquished.

Grand Total: 52 creatures vanquished

Notes
Turn   | Place    | Note
-------+----------+-------------------------------------------
     0 | D:1      | Mesmaeker13 the Barachi Summoner began the quest for the
                  | Orb.
     0 | D:1      | Reached XP level 1. HP: 13/13 MP: 3/3
   178 | D:1      | Reached skill level 5 in Summonings
   247 | D:1      | Reached XP level 2. HP: 19/19 MP: 1/5
   941 | D:1      | Reached XP level 3. HP: 22/22 MP: 7/7
  1209 | D:1      | Learned a level 2 spell: Call Imp
  1675 | D:2      | Found a faded altar of an unknown god.
  1676 | D:2      | Noticed an eye of devastation
  1689 | D:2      | Noticed an eye of devastation
  1780 | D:2      | Noticed a shining eye
  1781 | D:2      | Noticed a floating eye
  1880 | D:2      | Reached XP level 4. HP: 30/30 MP: 8/8
  1969 | D:2      | Found a shimmering blue altar of Sif Muna.
  2096 | D:3      | HP: 1/30 [something/puff of flame (12)]
  2600 | D:3      | Slain by a kobold

Illustrated notes

Levels and vault maps discovered:
D:1:      dpeg_arrival_shrine, layout_basic
D:2:      layout_basic, hellmonk_ecumenical_altar_watching_god, basic_altar,
          minmay_close_crescents
D:3:      minmay_chambers_of_threes, layout_loops_ring, minmay_circle_x,
          uniq_sigmund, uniq_ijyb

Skill      XL: |  1  2  3 |
---------------+----------+-----
Summonings     | 5 |  5.7
Dodging        | 3 |  3.5
Spellcasting   | 3 |  3.3
Stealth        | |  1.7

Action                   |  1- 3 |  4- 6 || total
-------------------------+-------+-------++-------
Melee: Dagger            |    85 |    65 ||   150
       Unarmed           |     3 |       ||     3
 Cast: Summon Small Mamm |    40 |       ||    40
       Call Imp          |     4 |    10 ||    14
  Use: Scroll            |     1 |     2 ||     3
       Potion            |       |     2 ||     2
 Stab: Sleeping          |     3 |       ||     3
Armor: Robe              |    37 |    27 ||    64
Dodge: Dodged            |    71 |    33 ||   104
